 Dungeon Crawl Stone Soup version 0.24-a0-269-g32ec7ca (webtiles) character file.

Game seed: 4992685785454369982

1946 Lanoc the Shield-Bearer (level 9, -1/73 HPs)
             Began as a Gnoll Fighter on Apr 21, 2019.
             Was a Believer of Zin.
             Slain by a slave (4 damage)
             ... led by Pikel
             ... on level 8 of the Dungeon.
             The game lasted 00:12:18 (5559 turns).

Lanoc the Shield-Bearer (Gnoll Fighter)             Turns: 5559, Time: 00:12:19

Health: -1/73      AC: 16    Str: 18    XL:     9   Next: 18%
Magic:  14/14      EV:  6    Int: 11    God:    Zin [**....]
Gold:   277        SH: 11    Dex: 18    Spells: 15/15 levels left

rFire    . . .     SeeInvis .   C - +1 hand axe (chop)
rCold    + . .     Gourm    .   c - +0 shield
rNeg     . . .     Faith    .   k - +0 plate armour
rPois    .         Spirit   .   (no helmet)
rElec    .         Reflect  .   i - +2 cloak
rCorr    .         Harm     .   (no gloves)
MR       .....                  (no boots)
Stlth    ..........             (no amulet)
HPRegen  0.22/turn              o - ring of protection from cold
MPRegen  0.14/turn              (no ring)

@: no status effects
A: distributed training, fangs 1, strong nose
a: Recite, Vitalisation, Donate Gold, Renounce Religion


You were on level 8 of the Dungeon.
You worshipped Zin.
Zin was pleased with you.
You were near starving.

You visited 2 branches of the dungeon, and saw 9 of its levels.
You also visited: Sewer.

You collected 307 gold pieces.
You donated 30 gold pieces to Zin.

Inventory:

Hand Weapons
 C - a +1 hand axe of chopping (weapon)
Missiles
 u - 18 bolts
 y - 8 needles of frenzy
Armour
 c - a +0 shield (worn)
 i - a +2 cloak (worn)
 k - a +0 plate armour (worn)
 n - a +0 large shield
Jewellery
 o - a ring of protection from cold (left hand)
Wands
 a - a wand of flame (36)
 d - a wand of digging (14)
 v - a wand of polymorph (7)
Scrolls
 b - 2 scrolls of amnesia
 e - 4 scrolls of teleportation
 g - 2 scrolls of enchant armour
 h - 2 scrolls of identify
 j - 2 scrolls of magic mapping
 l - a scroll of fear
 q - 2 scrolls of remove curse
 z - a scroll of immolation
 A - a scroll of enchant weapon
Potions
 m - 3 potions of heal wounds
 p - 3 potions of flight
 r - a potion of cancellation
 s - 2 potions of curing
 t - 3 potions of might
 w - a potion of agility
 x - a potion of brilliance
Comestibles
 f - 8 rations


   Skills:
 + Level 7.7 Fighting
 + Level 3.9 Short Blades
 + Level 6.1 Long Blades
 + Level 3.9 Axes
 + Level 3.9 Maces & Flails
 + Level 3.9 Polearms
 + Level 3.9 Staves
 + Level 3.9 Slings
 + Level 3.9 Bows
 + Level 3.9 Crossbows
 + Level 3.9 Throwing
 + Level 7.7 Armour
 + Level 3.9 Dodging
 + Level 3.9 Stealth
 + Level 7.7 Shields
 + Level 3.9 Unarmed Combat
 + Level 3.9 Spellcasting
 + Level 3.2 Conjurations
 + Level 3.2 Hexes
 + Level 3.2 Charms
 + Level 3.2 Summonings
 + Level 3.2 Necromancy
 + Level 3.2 Translocations
 + Level 3.2 Transmutations
 + Level 3.2 Fire Magic
 + Level 3.2 Ice Magic
 + Level 3.2 Air Magic
 + Level 3.2 Earth Magic
 + Level 3.2 Poison Magic
 + Level 4.3 Invocations
 + Level 3.9 Evocations


You had 15 spell levels left.
You didn't know any spells.
Your spell library was empty.

Dungeon Overview and Level Annotations

Branches:
Dungeon (8/15)             Temple (1/1) D:5
   Lair: D:8-11

Altars:
Ashenzari
Elyvilon
Nemelex Xobeh
Qazlal
Ru
Sif Muna
Vehumet
Xom
Yredelemnul
Zin
The Shining One

Annotations:
D:8 Pikel


Innate Abilities, Weirdness & Mutations

Your experience applies equally to all skills.
You have very sharp teeth.
Your uncanny sense of smell can sniff out nearby items.


Message History

Pikel is almost dead.
You barely miss the slave. You hit the slave but do no damage.
The slave hits you but does no damage. The slave hits you.
* * * LOW HITPOINT WARNING * * *
Pikel hits you with a +2 whip of flaming.
* * * LOW HITPOINT WARNING * * *
Pikel burns you.
* * * LOW HITPOINT WARNING * * *
You hit Pikel but do no damage.
Pikel is almost dead.
You miss the slave. x2; You block the slave's attack. x2
Pikel hits you but does no damage. You block the slave's attack.
Unknown command.
You closely miss Pikel. Your bite misses Pikel.
Pikel is almost dead.
You hit the slave. x2
You kill the slave!
That felt strangely unrewarding.
You block the slave's attack. Pikel hits you but does no damage.
The slave hits you.
You die...

...# .#.# .. .#.#
∆ .## ...# ..##
#..###### ...## #
........###
#...###.#
#..####...#
#.....>.. #...#
###.######[[..>..$
##..#
#....(..@K......
#..#
########[p...>..
#..# #........
#### #........
#........
#########


You could see Pikel and a slave.

Vanquished Creatures
  A water moccasin (D:5)
  3 ice beasts
  3 slaves (D:8)
  A phantom (D:7)
  3 ogres
  A centaur (D:6)
  2 big kobolds
  A scorpion (D:5)
  A howler monkey (D:4)
  2 crimson imps
  A hound (D:6)
  2 gnoll shamans (D:7)
  Crazy Yiuf (D:2)
  3 centaur skeletons
  An orc priest (D:4)
  2 orc wizards
  A bullfrog skeleton (D:7)
  An iguana (D:3)
  Terence (D:2)
  Natasha (thrice) (D:2)
  5 worker ants
  A killer bee zombie (D:7)
  A hound skeleton (D:7)
  4 gnolls
  7 adders
  2 river rats (Sewer)
  A shadow imp (D:5)
  A worm (D:3)
  A dart slug (D:2)
  7 leopard geckos
  7 orcs
  10 giant cockroaches
  6 goblins
  9 hobgoblins
  6 jackals
  14 kobolds
  2 bats
  5 frilled lizards
  A quokka skeleton (D:4)
  9 rats
133 creatures vanquished.

Vanquished Creatures (others)
  An orc wizard (D:4)
  2 gnolls (D:7)
  3 plants (D:8)
6 creatures vanquished.

Grand Total: 139 creatures vanquished

Notes
Turn   | Place    | Note
-------+----------+-------------------------------------------
     0 | D:1      | Lanoc the Gnoll Fighter began the quest for the Orb.
     0 | D:1      | Reached XP level 1. HP: 23/23 MP: 1/1
    60 | D:1      | Reached XP level 2. HP: 28/29 MP: 2/2
   449 | D:2      | Reached XP level 3. HP: 31/35 MP: 3/3
   505 | D:2      | Found a runed translucent door.
   506 | D:2      | Noticed Crazy Yiuf
   556 | D:2      | Noticed Natasha
   581 | D:2      | Killed Natasha
   581 | D:2      | Reached skill level 1 in Short Blades
   581 | D:2      | Reached skill level 1 in Axes
   581 | D:2      | Reached skill level 1 in Maces & Flails
   581 | D:2      | Reached skill level 1 in Polearms
   581 | D:2      | Reached skill level 1 in Staves
   581 | D:2      | Reached skill level 1 in Slings
   581 | D:2      | Reached skill level 1 in Bows
   581 | D:2      | Reached skill level 1 in Crossbows
   581 | D:2      | Reached skill level 1 in Throwing
   581 | D:2      | Reached skill level 1 in Dodging
   581 | D:2      | Reached skill level 1 in Stealth
   581 | D:2      | Reached skill level 1 in Unarmed Combat
   581 | D:2      | Reached skill level 1 in Spellcasting
   581 | D:2      | Reached skill level 1 in Invocations
   581 | D:2      | Reached skill level 1 in Evocations
   937 | D:2      | Noticed Terence
   941 | D:2      | Noticed Natasha
   942 | D:2      | Reached XP level 4. HP: 36/41 MP: 5/5
   950 | D:2      | Killed Natasha
   950 | D:2      | Reached skill level 1 in Conjurations
   950 | D:2      | Reached skill level 1 in Hexes
   950 | D:2      | Reached skill level 1 in Charms
   950 | D:2      | Reached skill level 1 in Summonings
   950 | D:2      | Reached skill level 1 in Necromancy
   950 | D:2      | Reached skill level 1 in Translocations
   950 | D:2      | Reached skill level 1 in Transmutations
   950 | D:2      | Reached skill level 1 in Fire Magic
   950 | D:2      | Reached skill level 1 in Ice Magic
   950 | D:2      | Reached skill level 1 in Air Magic
   950 | D:2      | Reached skill level 1 in Earth Magic
   950 | D:2      | Reached skill level 1 in Poison Magic
   954 | D:2      | Killed Terence
   954 | D:2      | Reached XP level 5. HP: 4/47 MP: 6/6
  1394 | D:2      | Noticed Natasha
  1404 | D:2      | Killed Natasha
  1492 | D:2      | Killed Crazy Yiuf
  2002 | D:3      | Reached XP level 6. HP: 51/53 MP: 8/8
  2081 | D:3      | Found a faded altar of an unknown god.
  2096 | D:3      | Became a worshipper of the Shining One
  2096 | D:3      | Reached * piety under the Shining One
  2573 | D:4      | Reached skill level 5 in Long Blades
  2632 | D:4      | Reached XP level 7. HP: 33/59 MP: 10/10
  3031 | D:4      | Found a deep blue altar of Sif Muna.
  3110 | D:4      | Found a basalt altar of Yredelemnul.
  3111 | D:4      | Found a shattered altar of Ashenzari.
  3113 | D:4      | Found a glowing silver altar of Zin.
  3113 | D:4      | Found a sacrificial altar of Ru.
  3113 | D:4      | Found a shimmering altar of Xom.
  3115 | D:4      | Found a stormy altar of Qazlal.
  3115 | D:4      | Found a radiant altar of Vehumet.
  3116 | D:4      | Found a sparkling altar of Nemelex Xobeh.
  3121 | D:4      | Fell from the grace of the Shining One
  3121 | D:4      | Became a worshipper of Ru the Awakened
  3237 | D:5      | Entered Level 5 of the Dungeon
  3440 | D:5      | Reached XP level 8. HP: 56/67 MP: 12/12
  3458 | D:5      | Found a glowing drain.
  3475 | Sewer    | Entered a sewer
  3575 | Sewer    | Found a glowing silver altar of Zin.
  3645 | Sewer    | Fell from the grace of Ru
  3645 | Sewer    | Became a worshipper of Zin the Law-Giver
  3645 | Sewer    | Reached * piety under Zin
  3704 | D:5      | Found a staircase to the Ecumenical Temple.
  3714 | Temple   | Entered the Ecumenical Temple
  4010 | D:5      | Found a white marble altar of Elyvilon.
  4413 | D:6      | Reached ** piety under Zin
  5009 | D:7      | Reached XP level 9. HP: 66/72 MP: 14/14
  5533 | D:8      | Noticed Pikel
  5557 | D:8      | HP: 3/73 [Pikel/+2 whip of flaming (2)]
  5559 | D:8      | Slain by a slave

Levels and vault maps discovered:
D:1:      erik_arrival_blinker_ship, layout_loops_ring, st_stairs_10
D:2:      layout_rooms, uniq_crazy_yiuf_cottage, uniq_terence, uniq_natasha
D:3:      layout_loops_cross, chequers_ecumenical_altar_simple,
          wad_floor_pattern_untrapped
D:4:      layout_basic, led_sif_book, grunt_temple_overflow_open
D:5:      layout_loops_cross, minmay_temple_entry_sparse_star, basic_altar,
          first_ration, gup_sewer_entry_pipe
D:6:      layout_loops_ring
D:7:      kennysheep_seaside_town, layout_basic, minmay_misc_feat_roman
D:8:      layout_rooms, chequers_big_river, the_bakery,
          nicolae_ashenzari_panopticon, uniq_pikel
Temple:   nicolae_temple_figure_eight
Sewer:    sewer_kobolds

Skill      XL: |  1  2  3  4  5  6  7  8 |
---------------+-------------------------+-----
Short Blades   | 1 2 3 |  3.9
Axes           | 1 2 3 |  3.9
Maces & Flails | 1 2 3 |  3.9
Polearms       | 1 2 3 |  3.9
Staves         | 1 2 3 |  3.9
Slings         | 1 2 3 |  3.9
Bows           | 1 2 3 |  3.9
Crossbows      | 1 2 3 |  3.9
Throwing       | 1 2 3 |  3.9
Dodging        | 1 2 3 |  3.9
Stealth        | 1 2 3 |  3.9
Unarmed Combat | 1 2 3 |  3.9
Spellcasting   | 1 2 3 |  3.9
Invocations    | 1 2 3 4 |  4.3
Evocations     | 1 2 3 |  3.9
Conjurations   | 1 2 3 |  3.2
Hexes          | 1 2 3 |  3.2
Charms         | 1 2 3 |  3.2
Summonings     | 1 2 3 |  3.2
Necromancy     | 1 2 3 |  3.2
Translocations | 1 2 3 |  3.2
Transmutations | 1 2 3 |  3.2
Fire Magic     | 1 2 3 |  3.2
Ice Magic      | 1 2 3 |  3.2
Air Magic      | 1 2 3 |  3.2
Earth Magic    | 1 2 3 |  3.2
Poison Magic   | 1 2 3 |  3.2
Long Blades    | 5 6 |  6.1
Fighting       | 7 |  7.7
Armour         | 7 |  7.7
Shields        | 7 |  7.7

Action                   |  1- 3 |  4- 6 |  7- 9 || total
-------------------------+-------+-------+-------++-------
Melee: Long sword        |    79 |       |       ||    79
       Bite              |     8 |    13 |    42 ||    63
       Hand axe          |     4 |   130 |   312 ||   446
Evoke: Wand              |       |       |     3 ||     3
  Use: Potion            |       |     2 |     2 ||     4
       Scroll            |       |       |    12 ||    12
 Stab: Invisible         |       |     1 |       ||     1
  Eat: Chunk             |       |     5 |     9 ||    14
Armor: Scale mail        |    13 |       |       ||    13
       Plate armour      |    34 |    58 |   196 ||   288
Dodge: Dodged            |    17 |    18 |    88 ||   123
Block: Shield            |    49 |    76 |   206 ||   331
       Rpst.: Long sword |     5 |       |       ||     5

Table legend:
 A = Non-vault XP
 B = Vault XP
 C = Vault XP percentage of total XP
 D = Non-vault monster count
 E = Vault monster count
 F = Vault count percentage of total count
                 A         B        C        D         E       F
            +---------+---------+-------+---------+---------+-------
      Total |    2283 |     498 |  17.9 |     101 |      32 |  24.1
            +---------+---------+-------+---------+---------+-------
        D:1 |      23 |       3 |  11.5 |      14 |       3 |  17.6
        D:2 |     144 |     112 |  43.8 |      22 |       3 |  12.0
        D:3 |     110 |       0 |   0.0 |      16 |       0 |   0.0
        D:4 |     384 |      23 |   5.7 |      10 |       1 |   9.1
        D:5 |     569 |      13 |   2.2 |      13 |       6 |  31.6
        D:6 |     360 |       0 |   0.0 |      14 |       0 |   0.0
        D:7 |     693 |     208 |  23.1 |      12 |       6 |  33.3
      Sewer |       0 |     139 | 100.0 |       0 |      13 | 100.0
            +---------+---------+-------+---------+---------+-------
